 Dungeon Crawl Stone Soup version 0.31-a0-986-g5e6e4ef867 (webtiles) character file.

Game seed: 8607938767631391604

251 NinjaNoafa the Changeling (level 5, -1/41 HPs)
             Began as a Troll Shapeshifter on Nov 10, 2023.
             Was a Follower of Nemelex Xobeh.
             Slain by a gnoll
             ... wielding a +0 club
             ... led by a gnoll bouda
              (4 damage)
             ... on level 4 of the Dungeon.
             The game lasted 00:07:51 (2489 turns).

NinjaNoafa the Changeling (Troll Shapeshifter)      Turns: 2489, Time: 00:07:51

Health: -1/41      AC:  5    Str: 22    XL:     5   Next: 88%
Magic:  4/4        EV:  9    Int:  6    God:    Nemelex Xobeh [*.....]
Gold:   144        SH:  0    Dex: 11    Spells: 4/4 levels left

rFire   + .          .
                       - Unarmed
rCold   + . .        (shield currently unavailable)
rNeg    . . .        k - +1 animal skin
rPois   +            (helmet restricted)
rElec   +            (no cloak)
rCorr   +            (gloves unavailable)
SInv    .            (boots unavailable)
Will    .....        (no amulet)
Stlth   +            q - ring of resist corrosion
HPRegen 1.06/turn    t - ring of flight
MPRegen 0.09/turn

%: no passive effects
@: mighty, flux-form, resistant, flying, hasted, glowing, very quick
A: glow, contaminating, reduced hp, large, unfitting armour, claws 3,
regeneration 1, shaggy fur 1, tough skin 1
a: Begin Untransformation, Renounce Religion, Draw Escape, Draw Destruction,
Draw Summoning


You were on level 4 of the Dungeon.
You worshipped Nemelex Xobeh.
Nemelex Xobeh was aware of your devotion.
You were something dangerously unstable.
You visited 1 branch of the dungeon, and saw 4 of its levels.

You collected 144 gold pieces.

Inventory:

Hand Weapons
 a - a +2 hand axe of flaming
Missiles
 i - 3 poisoned darts
 m - 8 boomerangs
Armour
 k - a +1 animal skin (worn)
 p - an orb of energy
Magical Staves
 l - a staff of conjuration
Jewellery
 q - a ring of resist corrosion (left claw)
 t - a ring of flight (right claw)
Talismans
 c - a beast talisman
 d - a flux talisman (active)
Scrolls
 b - a scroll of identify {unknown}
 e - a scroll of blinking {unknown}
 f - 3 scrolls of revelation
 g - a scroll of enchant armour
 h - a scroll of amnesia {unknown}
 n - a scroll of fog {unknown}
 o - a scroll of brand weapon {unknown}
 r - a scroll of fear {unknown}
 s - a scroll of teleportation {unknown}
 v - a scroll of vulnerability {unknown}


   Skills:
 - Level 1.1 Fighting
 - Level 1.5 Dodging
 - Level 3.8 Unarmed Combat
 + Level 5.7 Shapeshifting


You had 4 spell levels left.
You didn't know any spells.
Your spell library contained the following spells:

 Spells                   Type           Power      Damage    Failure   Level
 Tukima's Dance           Hex            0%         N/A       83%         3
 Dimensional Bullseye     Hex/Tloc       0%         N/A       99%         4
 Iskenderun's Mystic Bla  Conj/Tloc      0%         2d3       99%         4


Dungeon Overview and Level Annotations

Branches:
Dungeon (4/15) Zot: 21522
 Temple: D:4-7

Altars:
Elyvilon
Makhleb
Nemelex Xobeh
Qazlal
Trog
Yredelemnul

Shops:
D:2 [   D:3 :

Annotations:
D:4 3 runed translucent doors, Sigmund


Innate Abilities, Weirdness & Mutations

You are something dangerously unstable.
You glow with magical radiation, making you easy to see and hit.
Foes you strike become dangerously contaminated with magical radiation.
Your maximum health is decreased, since you lack skill for your form.
You are incapable of wielding weapons or throwing items.
You are too large for most types of armour.
You have claws for hands.
Your natural rate of healing is unusually fast.
You are covered in fur. (AC +1)
You have tough skin. (AC +1)


Message History

You feel your attacks grow feeble. The gnoll attacks as it pursues you!
The gnoll hits you from afar with a +0 spear!
The gnoll hits you from afar with a +0 spear.
You take 13 damage, and have 26/41 hp.
MASSIVE DAMAGE!!
The gnoll hits you with a +0 flail!
You take 5 damage, and have 25/41 hp.
Your attacks no longer feel as feeble.
The gnoll attacks as it pursues you! The gnoll hits you with a +0 flail!
* * * LOW HITPOINT WARNING * * *
You take 10 damage, and have 16/41 hp.
MASSIVE DAMAGE!!
It was a potion of resistance.
You feel protected. The gnoll hits you but does no damage.
The gnoll hits you from afar with a +0 spear.
* * * LOW HITPOINT WARNING * * *
You take 4 damage, and have 12/41 hp.
It was a potion of might.
You feel very mighty all of a sudden.
The gnoll is no longer moving quickly.
The gnoll hits you but does no damage.
You claw the gnoll!
The gnoll begins to glow.
The gnoll hits you with a +0 flail.
* * * LOW HITPOINT WARNING * * *
The gnoll closely misses you.
You take 5 damage, and have 8/41 hp.
It was a potion of haste.
You feel yourself speed up. The gnoll hits you with a +0 flail!
* * * LOW HITPOINT WARNING * * *
The gnoll barely misses you.
Sigmund gestures wildly while chanting.
Sigmund flickers and vanishes!
Deactivating autopickup; reactivate with Ctrl-A.
A gnoll comes into view. It is wielding a +0 flail.
You take 6 damage, and have 2/41 hp.
As you read the scroll labelled SOQEZU APHE, it crumbles to dust.
It is a scroll of enchant armour.
Your +0 animal skin glows green for a moment.
The gnoll hits you with a +0 club.
You die...
Your body disappears without additional glow.

...##
......##.........###
...#
###....##.........##
...# #....#..........#
...# #....#.........##
....#Z #...+........##
....#.. #...+..#..####
...##.# #...+..#..#
.#.#..# ##...#..####
...#..# #...Z#pg.##
...#...###....##g...##
...# .......###gg....#
....###...###........#
......#####..........#
###....g@..{...######
##.......##g..###
.#......###...#
.#..##.## #...#


You could see 5 gnolls and an adder simulacrum.

Vanquished Creatures
  A howler monkey (D:4)
  3 hounds (D:4)
  5 adders
  2 ufetubi (D:3)
  2 dart slugs
  An orc (D:3)
  3 bats
  7 endoplasms
  3 giant cockroaches (D:1)
  4 hobgoblins
  8 kobolds
  4 quokkas
  5 ball pythons
  7 frilled lizards
  11 goblins
  2 rats
68 creatures vanquished.

Notes
Turn   | Place    | Note
-------+----------+-------------------------------------------
     0 | D:1      | NinjaNoafa the Troll Shapeshifter began the quest for the
                  | Orb.
     0 | D:1      | Reached XP level 1. HP: 18/18 MP: 0/0
   105 | D:1      | Reached XP level 2. HP: 26/26 MP: 1/1
   535 | D:1      | Reached XP level 3. HP: 32/32 MP: 2/2
  1006 | D:2      | Found Hocoeth's Antique Armour Boutique.
  1080 | D:2      | Reached skill level 1 in Fighting
  1170 | D:2      | Reached XP level 4. HP: 27/41 MP: 3/3
  1364 | D:2      | Reached skill level 4 in Shapeshifting
  1627 | D:3      | Found a sparkling altar of Nemelex Xobeh.
  1660 | D:3      | Found Xuebb's Vocational Training.
  1692 | D:3      | Became a worshipper of Nemelex Xobeh the Trickster
  2059 | D:3      | Found a stormy altar of Qazlal.
  2059 | D:3      | Found a basalt altar of Yredelemnul.
  2067 | D:3      | Found a faded altar of an unknown god.
  2069 | D:3      | Found a white marble altar of Elyvilon.
  2071 | D:3      | Found a bloodstained altar of Trog.
  2138 | D:3      | Found a burning altar of Makhleb.
  2241 | D:4      | Reached XP level 5. HP: 37/48 MP: 4/4
  2283 | D:4      | Reached skill level 5 in Shapeshifting
  2339 | D:4      | Found a runed translucent gate.
  2340 | D:4      | Found a runed translucent gate.
  2341 | D:4      | Found a runed translucent gate.
  2438 | D:4      | Reached * piety under Nemelex Xobeh
  2468 | D:4      | Noticed Sigmund
  2488 | D:4      | HP: 2/41 [gnoll/+0 flail[a gnoll bouda] (7)]
  2489 | D:4      | Slain by a gnoll

Illustrated notes

Levels and vault maps discovered:
D:1:      dpeg_arrival_simpleton_c, layout_basic, st_stairs_4
D:2:      layout_basic, serial_shops, nicolae_shop_tiny_glass
D:3:      layout_basic, lightli_temple_of_fire, nemelex_altar_shiori,
          chequers_temple_overflow_minitemple, nicolae_shop_vocational
D:4:      layout_cave_pools, gammafunk_ghost_icy, kennysheep_cross_room,
          uniq_sigmund

Skill      XL: |  1  2  3  4  5 |
---------------+----------------+-----
Fighting       | 1 |  1.1
Shapeshifting  | 4 5 |  5.7
Dodging        | |  1.5
Unarmed Combat | |  3.8

Action                     |  1- 3 |  4- 6 || total
---------------------------+-------+-------++-------
  Melee: Unarmed           |   100 |    70 ||   170
         Punch             |     1 |       ||     1
    Use: Potion            |     1 |     3 ||     4
         Scroll            |       |     2 ||     2
   Stab: Sleeping          |     1 |       ||     1
 Armour: Animal skin       |    66 |    68 ||   134
         Skin              |    12 |       ||    12
  Dodge: Dodged            |    46 |    33 ||    79
   Form: Beast             |     1 |       ||     1
         Flux              |     1 |       ||     1

Table legend: (Time is in decaauts)
 A = Elapsed time spent in this place.
 B = Non-inter-level travel time spent in this place.
 C = Inter-level travel time spent in this place.
 D = Time resting spent in this place.
 E = Time spent auto-exploring this place.
 F = Levels seen in this place.
 G = Mean time per level.
                   A        B        C        D        E       F      G
               +--------+--------+--------+--------+--------+-----+--------+
         Total |   2476 |   2327 |    149 |     44 |   1791 |   4 |  619.0 |
       Dungeon |   2476 |   2327 |    149 |     44 |   1791 |   4 |  619.0 |
               +--------+--------+--------+--------+--------+-----+--------+

Top non-repeatable levels by time:
     D:1: 928 daAuts
     D:2: 660 daAuts
     D:3: 633 daAuts
     D:4: 253 daAuts
